 Dungeon Crawl Stone Soup version 0.26.1-11-gd32895ea62 (webtiles) character file.

Game seed: 10834309285198665331

14689 Almogavar the Slicer (level 11, -16/154 HPs)
             Began as a Palentonga Berserker on July 24, 2021.
             Was an Elder of Trog.
             Demolished by an orc warrior
             ... wielding a +0 dire flail
             ... led by an orc knight
              (21 damage)
             ... on level 1 of the Orcish Mines.
             The game lasted 00:38:49 (12682 turns).

Almogavar the Slicer (Palentonga Berserker)        Turns: 12682, Time: 00:38:50

Health: -16/154    AC: 19    Str: 28    XL:     11   Next: 92%
Magic:  0/11       EV: 13    Int:  8    God:    Trog [****..]
Gold:   1401       SH:  4    Dex: 15    Spells: 10/10 levels left

rFire    . . .     SeeInvis +   y - +0 dagger of Revolt {freeze, rElec Str+4 Stlth+}
rCold    . . .     Faith    .   K - +0 buckler
rNeg     + . .     Spirit   +   H - +0 swamp dragon scales
rPois    +         Reflect  .   I - +2 hat
rElec    +         Harm     .   x - scarf {repulsion}
rCorr    .         Rampage  .   N - +0 pair of gloves
Will     ++...                  (no barding)
Stlth    ..........             o - amulet of guardian spirit
HPRegen  1.35/turn              h - +6 ring of dexterity
MPRegen  0.12/turn              d - ring of positive energy

@: berserking (expiring), regenerating, repel missiles, curled up, very quick
A: large, rugged brown scales 3, see invisible, deformed body, roll 1, armoured
tail, reflexive curl
a: Rolling Charge, Renounce Religion, Berserk, Trog's Hand, Brothers in Arms


You were on level 1 of the Orcish Mines.
You worshipped Trog.
Trog was greatly pleased with you.
You visited 2 branches of the dungeon, and saw 11 of its levels.

You collected 1401 gold pieces.

Inventory:

Hand Weapons
 a - a +1 vorpal great sword
 y - the +0 dagger of Revolt (weapon) {freeze, rElec Str+4 Stlth+}
   (You found it on level 5 of the Dungeon)

   It has been specially enchanted to freeze those struck by it, causing extra
   injury to most foes and up to half again as much damage against particularly
   susceptible opponents.
   It can also slow down cold-blooded creatures.
   It affects your strength (+4).
   It insulates you from electricity.
   It makes you more stealthy.
 E - a +2 scimitar of flaming
 O - a +0 falchion of holy wrath
Armour
 c - a +3 kite shield
 j - a +2 ring mail of cold resistance
 k - a +0 chain mail
 q - a +0 scale mail
 v - a +2 cloak
 x - a scarf of repulsion (worn)
 B - a +3 leather armour
 H - +0 swamp dragon scales (worn)
 I - a +2 hat (worn)
 K - a +0 buckler (worn)
 N - a +0 pair of gloves (worn)
Jewellery
 d - a ring of positive energy (right hand)
 h - a +6 ring of dexterity (left hand)
 o - an amulet of guardian spirit (around neck)
Wands
 s - a wand of paralysis (15)
 t - a wand of random effects (29)
 w - a wand of polymorph (17)
 A - a wand of digging (18)
Scrolls
 b - a scroll of fog
 e - 5 scrolls of enchant armour
 l - 3 scrolls of blinking
 m - 3 scrolls of fear
 p - 3 scrolls of amnesia {unknown}
 r - 2 scrolls of immolation {unknown}
 C - 4 scrolls of remove curse
 F - 3 scrolls of enchant weapon {unknown}
 G - a scroll of random uselessness {unknown}
 L - a scroll of summoning {unknown}
 M - a scroll of brand weapon {unknown}
Potions
 f - a potion of haste
 i - 5 potions of curing
 n - 2 potions of heal wounds {unknown}
 u - 2 potions of mutation {unknown}
 z - 3 potions of attraction {unknown}
 D - a potion of might {unknown}
 J - a potion of resistance {unknown}


   Skills:
 + Level 9.2 Fighting
 - Level 9.3(10.6) Short Blades
 + Level 8.2(10.1) Long Blades
 + Level 7.5 Armour
 + Level 7.3 Dodging
 - Level 0.2 Stealth
 + Level 2.2 Shields
 + Level 1.3 Evocations


You had 10 spell levels left.
You didn't know any spells.
Your spell library was empty.

Dungeon Overview and Level Annotations

Branches:
Dungeon (9/15)             Temple (0/1) D:6            Lair (0/6) D:8
    Orc (2/2) D:9             Elf (0/3) Orc:2

Altars:
Ashenzari
Okawaru
Xom
Yredelemnul
Zin
The Shining One
Beogh

Shops:
D:4 (   D:6 :   D:7 }[   D:8 :   D:9 ([   Orc:2 ?*


Innate Abilities, Weirdness & Mutations

You are completely covered in rugged brown scales. (AC +3, +7% HP)
You have supernaturally acute eyesight. (SInv)
Armour fits poorly on your strangely shaped body.
You can roll at nearby foes to attack.
You have a long armoured tail.
You curl defensively after being hit.


Message History

Unknown command.
You hit the orc knight. You freeze the orc knight.
The orc knight is heavily wounded.
The orc warrior hits you with a +0 dire flail.
* * * LOW HITPOINT WARNING * * *
You block the orc knight's attack. The warg misses you.
Unknown command.
You closely miss the orc knight.
The orc knight is heavily wounded.
A warg comes into view.
The warg bites you but does no damage.
Unknown command.
You puncture the orc knight! You freeze the orc knight.
The orc knight is severely wounded.
The orc hits you but does no damage. The warg bites you but does no damage.
Unknown command.
You closely miss the orc knight. You tail-slap the orc knight!
The orc knight is severely wounded.
The orc warrior hits you with a +0 dire flail!!
You die...

#......## .
#......$##
.h####........#
...$#........#
............#
.......ooo.#
......ohho#
......o@o#
#.....$###
##..... ##...#
##.# ##


You could see an orc knight, 3 wargs, an orc warrior, an orc wizard (fast) and 4
orcs.

Vanquished Creatures
  Gastronok (D:8)
  Erica (D:8)
  2 two-headed ogres
  3 orc high priests (Orc:2)
  Pikel (D:7)
  An orc knight (D:9)
  An orc sorcerer (Orc:1)
  Maurice (D:8)
  Maggie (D:8)
  Grinder (D:6)
  A hornet (D:8)
  Prince Ribbit (D:7)
  A wyvern (D:8)
  The ghost of Felido the Slasher, an amateur NaMo (D:4)
  6 yaks (D:9)
  Menkaure (D:5)
  Duvessa (D:6)
  17 orc warriors
  2 phantoms
  A sky beast (D:8)
  Purgy (D:3)
  4 ice beasts
  5 ogres
  A lemure (D:7)
  Blork the orc (D:6)
  A big kobold (D:9)
  6 bullfrogs
  Dowan (D:6)
  A scorpion (D:6)
  3 killer bees (D:5)
  6 howler monkeys
  A bullfrog zombie (D:7)
  3 hounds
  2 jellies
  Crazy Yiuf (D:3)
  14 orc priests
  A centaur skeleton (D:5)
  Ijyb (D:3)
  4 worker ants
  An iguana (D:6)
  21 orc wizards
  A killer bee zombie (D:6)
  A hound zombie (D:7)
  3 gnolls (D:5)
  11 adders
  2 ufetubi
  An adder skeleton (D:4)
  6 worms
  3 dart slugs
  4 leopard geckos
  79 orcs
  11 bats
  3 giant cockroaches
  9 goblins
  12 hobgoblins
  11 jackals
  3 quokkas
  2 ball pythons
  7 frilled lizards
  11 kobolds
  2 leopard gecko skeletons
  2 quokka skeletons
  6 rats
314 creatures vanquished.

Vanquished Creatures (others)
  A fungus (D:8)
  2 plants (D:8)
3 creatures vanquished.

Grand Total: 317 creatures vanquished

Notes
Turn   | Place    | Note
-------+----------+-------------------------------------------
     0 | D:1      | Almogavar the Palentonga Berserker began the quest for the
                  | Orb.
     0 | D:1      | Reached XP level 1. HP: 20/20 MP: 1/1
   209 | D:1      | Reached XP level 2. HP: 27/27 MP: 2/2
   577 | D:1      | Reached ** piety under Trog
   610 | D:1      | Reached XP level 3. HP: 33/33 MP: 3/3
  1597 | D:2      | Found a glowing golden altar of the Shining One.
  1650 | D:2      | Reached XP level 4. HP: 42/42 MP: 4/4
  2151 | D:3      | Found a faded altar of an unknown god.
  2440 | D:3      | Noticed Purgy
  2448 | D:3      | Killed Purgy
  2449 | D:3      | Reached XP level 5. HP: 49/49 MP: 5/5
  2519 | D:3      | Noticed Ijyb
  2524 | D:3      | Killed Ijyb
  2525 | D:3      | Reached skill level 5 in Long Blades
  2575 | D:3      | Found a runed translucent door.
  2576 | D:3      | Noticed Crazy Yiuf
  2678 | D:3      | Found a broken altar of Ashenzari.
  2680 | D:3      | Found a broken altar of Ashenzari.
  2680 | D:3      | Found a glowing silver altar of Zin.
  2682 | D:3      | Found a basalt altar of Yredelemnul.
  2682 | D:3      | Found an iron altar of Okawaru.
  2682 | D:3      | Found a shimmering altar of Xom.
  2844 | D:3      | Killed Crazy Yiuf
  3303 | D:4      | Reached *** piety under Trog
  3304 | D:4      | Reached XP level 6. HP: 53/56 MP: 6/6
  3599 | D:4      | Gained mutation: You curl defensively after being hit.
                  | [Palentonga growth]
  3599 | D:4      | Reached XP level 7. HP: 46/64 MP: 7/7
  3748 | D:4      | Found Sautrazi's Antique Weapon Emporium.
  3915 | D:4      | Found a runed translucent door.
  3920 | D:4      | Noticed Felido's ghost (amateur NaMo)
  3929 | D:4      | Killed Felido's ghost
  3930 | D:4      | Reached skill level 5 in Fighting
  4191 | D:5      | Entered Level 5 of the Dungeon
  4267 | D:5      | Reached **** piety under Trog
  4445 | D:5      | Reached XP level 8. HP: 35/72 MP: 8/8
  4710 | D:5      | Noticed Menkaure
  5259 | D:5      | Killed Menkaure
  5557 | D:5      | Got a bloodstained dagger
  5558 | D:5      | Identified the cursed +0 dagger of Revolt {freeze, rElec
                  | Str+4 Stlth+} (You found it on level 5 of the Dungeon)
  5743 | D:6      | Found a staircase to the Ecumenical Temple.
  5835 | D:6      | Found Tinin's Book Boutique.
  5863 | D:6      | Noticed Duvessa
  5864 | D:6      | Noticed Dowan
  5877 | D:6      | Killed Duvessa
  5881 | D:6      | Killed Dowan
  5882 | D:6      | Reached skill level 1 in Short Blades
  5942 | D:6      | Noticed Grinder
  5954 | D:6      | Killed Grinder
  5955 | D:6      | Reached skill level 5 in Armour
  5955 | D:6      | Reached XP level 9. HP: 80/80 MP: 9/9
  6060 | D:6      | Noticed Blork the orc
  6074 | D:6      | Killed Blork the orc
  6668 | D:7      | Found Badaer Tini's Gadget Shop.
  6716 | D:7      | Found Naetaq's Armour Emporium.
  6912 | D:7      | Noticed Pikel
  6922 | D:7      | Killed Pikel
  7033 | D:7      | Noticed Prince Ribbit
  7045 | D:7      | Killed Prince Ribbit
  7062 | D:7      | Reached skill level 5 in Short Blades
  7976 | D:8      | Reached XP level 10. HP: 89/89 MP: 10/10
  8030 | D:8      | Noticed Maurice
  8045 | D:8      | Noticed Erica
  8051 | D:8      | Killed Maurice
  8062 | D:8      | Killed Erica
  8063 | D:8      | Reached skill level 5 in Dodging
  8131 | D:8      | Noticed Maggie
  8157 | D:8      | Killed Maggie
  8296 | D:8      | Found a staircase to the Lair.
  8383 | D:8      | Noticed Gastronok
  8417 | D:8      | Killed Gastronok
  8684 | D:8      | Noticed a two-headed ogre
  8690 | D:8      | Killed a two-headed ogre
  8691 | D:8      | Reached XP level 11. HP: 100/100 MP: 11/11
  8846 | D:8      | Found Zuiday's Book Emporium.
  9192 | D:9      | Reached ***** piety under Trog
  9207 | D:9      | Found Ymener's Armour Emporium.
  9208 | D:9      | Found a staircase to the Orcish Mines.
  9210 | D:9      | Found Gugrechy's Weapon Emporium.
 10046 | Orc:1    | Entered Level 1 of the Orcish Mines
 10047 | Orc:1    | Noticed an orc knight
 10063 | D:9      | Received a gift from Trog
 10635 | D:9      | Killed an orc knight
 10649 | D:9      | Reached skill level 1 in Evocations
 10860 | Orc:1    | Reached skill level 1 in Shields
 11189 | Orc:2    | Entered Level 2 of the Orcish Mines
 11189 | Orc:2    | Noticed an orc sorcerer
 11197 | Orc:2    | Noticed a sun demon
 11231 | Orc:1    | Killed an orc sorcerer
 11544 | Orc:2    | Noticed a two-headed ogre
 11555 | Orc:2    | Killed a two-headed ogre
 11684 | Orc:2    | Found a gate leading to a gauntlet.
 11859 | Orc:2    | Found a roughly hewn altar of Beogh.
 11859 | Orc:2    | Found Uwoef's Magic Scroll Boutique.
 11859 | Orc:2    | Noticed an orc high priest
 11883 | Orc:2    | Killed an orc high priest
 11920 | Orc:2    | Found Onul's Assorted Antiques.
 12342 | Orc:2    | Noticed an orc high priest
 12505 | Orc:2    | Killed an orc high priest
 12591 | Orc:2    | Noticed an orc high priest
 12603 | Orc:2    | Killed an orc high priest
 12620 | Orc:2    | Noticed an orc high priest
 12646 | Orc:2    | Found a staircase to the Elven Halls.
 12647 | Orc:2    | Noticed an orc warlord
 12647 | Orc:2    | Noticed an orc sorcerer
 12665 | Orc:1    | Noticed an orc knight
 12679 | Orc:1    | HP: 4/154 [orc warrior/+0 dire flail[an orc knight] (6)]
 12682 | Orc:1    | Demolished by an orc warrior

Illustrated notes

Levels and vault maps discovered:
D:1:      amcnicky_arrival_feature_with_door, layout_loops_ring
D:2:      layout_rooms, nicolae_tso_carved_into_rock
D:3:      minmay_wonky_spiral, layout_basic,
          chequers_ecumenical_altar_simple_redux, doesnt_xom_only_xom,
          uniq_crazy_yiuf_cottage, uniq_ijyb, uniq_purgy
D:4:      layout_rooms, ebering_ghost_reflecting_pool, serial_shops, shop
D:5:      layout_cave_pools, minmay_misc_feat_hallway, minmay_misc_feat_cross,
          grunt_decor_resistance, minmay_misc_feat_nine_boxes, uniq_menkaure
D:6:      layout_loops_ring, temple_fountains, serial_shops, nicolae_shop_trees,
          uniq_blork_the_orc, uniq_duvessa, uniq_grinder
D:7:      layout_loops_ring, serial_shops, shop, shop, nrook_loot_triangle,
          grunt_ministairs_7, uniq_prince_ribbit1, uniq_pikel
D:8:      layout_loops_ring, dpeg_oklobed_lair, serial_shops,
          nicolae_shop_waterfront, roderic_lattice_a, uniq_erica, uniq_maurice,
          uniq_gastronok, uniq_maggie
D:9:      layout_irregular_city, orc_david_3, serial_column_ruins,
          column_ruins_pillar_3, column_ruins_pillar_3, column_ruins_pillar_7,
          column_ruins_pillar_4, column_ruins_pillar_1, column_ruins_pillar_1,
          column_ruins_pillar_2, column_ruins_pillar_2, column_ruins_pillar_9,
          column_ruins_pillar_1, column_ruins_pillar_11, column_ruins_pillar_2,
          column_ruins_pillar_4, column_ruins_pillar_6, column_ruins_pillar_2,
          column_ruins_pillar_6, kennysheep_generic_room_3
Orc:1:    layout_diamond_mine
Orc:2:    grunt_orc_community_town_hall, layout_diamond_mine,
          grunt_orc_community_big_house_1, grunt_orc_community_big_house_1,
          grunt_orc_community_house_3, grunt_orc_community_house_1,
          grunt_orc_community_house_1, grunt_orc_community_house_3,
          gauntlet_entry_generic, serial_shops, shop

Skill      XL: |  1  2  3  4  5  6  7  8  9 10 11 |
---------------+----------------------------------+-----
Long Blades    | 4 5 6 7 8 |  8.2
Dodging        | 2 3 4 6 7 |  7.3
Fighting       | 4 5 6 8 9 |  9.2
Armour         | 2 3 5 6 7 |  7.5
Short Blades   | 1 6 8 9 |  9.3
Evocations     | 1 |  1.3
Shields        | 2 |  2.2
Stealth        | |  0.2

Action                   |  1- 3 |  4- 6 |  7- 9 | 10-12 || total
-------------------------+-------+-------+-------+-------++-------
Melee: Falchion          |   103 |   127 |   160 |       ||   390
       Tailslap          |    11 |    21 |    91 |   131 ||   254
       Dagger            |       |       |   268 |   581 ||   849
Invok: Berserk           |       |     3 |    12 |    17 ||    32
       Trog's Hand       |       |     3 |     5 |     8 ||    16
 Abil: Rolling Charge    |    29 |    24 |    54 |    24 ||   131
Evoke: Wand              |       |       |       |    12 ||    12
  Use: Scroll            |       |     2 |     8 |     5 ||    15
       Potion            |       |       |     1 |     1 ||     2
 Stab: Sleeping          |       |       |     1 |     1 ||     2
       Paralysed         |       |       |       |     2 ||     2
Armor: Animal skin       |    35 |    19 |       |       ||    54
       Ring mail         |       |    22 |    72 |       ||    94
       Leather armour    |       |       |    48 |    88 ||   136
       Swamp dragon scal |       |       |       |    96 ||    96
Dodge: Dodged            |    36 |    61 |   192 |   284 ||   573
       Repelled          |       |       |       |     2 ||     2
Block: Buckler           |       |       |       |    84 ||    84
       Rpst.: Falchion   |     8 |    16 |    29 |       ||    53
